 Dungeon Crawl Stone Soup version 0.28-a0-980-g3664467d6e (webtiles) character file.

Game seed: 3739830038922162703

0 Decritt the Skirmisher (level 1, 19/19 HPs)
             Began as a Palentonga Fighter on Dec 2, 2021.
             Quit the game on level 1 of the Dungeon.
             The game lasted 00:01:23 (113 turns).

Decritt the Skirmisher (Palentonga Fighter)          Turns: 113, Time: 00:01:24

Health: 19/19      AC:  6    Str: 19    XL:     1   Next: 8%
Magic:  1/1        EV:  7    Int:  8    God:
Gold:   0          SH:  4    Dex:  9    Spells: 0/0 levels left

rFire   . . .      SeeInvis +   a - +0 war axe
rCold   . . .      Faith    .   c - +0 buckler
rNeg    . . .      Spirit   .   b - +0 scale mail
rPois   .          Reflect  .   (no helmet)
rElec   .          Harm     .   (no cloak)
rCorr   .          Rampage  .   (no gloves)
Will    .....                   (no barding)
Stlth   ..........              (no amulet)
HPRegen 0.06/turn               (no ring)
MPRegen 0.07/turn               (no ring)

@: no status effects
A: large, rugged brown scales 3, see invisible, deformed body, roll 1, armoured
tail
a: Rolling Charge


You were on level 1 of the Dungeon.
You visited 1 branch of the dungeon, and saw 1 of its levels.

Inventory:

Hand Weapons
 a - a +0 war axe (weapon)
Armour
 b - a +0 scale mail (worn)
 c - a +0 buckler (worn)
Potions
 d - a potion of might


   Skills:
 + Level 3.0 Fighting
 + Level 2.0 Axes
 + Level 2.4 Armour
 + Level 2.4 Shields


You couldn't memorise any spells.
You didn't know any spells.
Your spell library was empty.

Dungeon Overview and Level Annotations

Branches:
Dungeon (1/15)

Altars:


Innate Abilities, Weirdness & Mutations

You are completely covered in rugged brown scales. (AC +3, +7% HP)
You have supernaturally acute eyesight. (SInv)
Armour fits poorly on your strangely shaped body.
You can roll at nearby foes to attack.
You have a long armoured tail.


Message History

Welcome, Decritt the Palentonga Fighter.
You feel drawn to the Orb of Zot, downwards into the unfathomable depths...
Press ? for a list of commands and other information.
Found a staircase leading out of the dungeon.
You open the door.
There is an open door here.
Why would you want to do that? There's nothing you can charge at!
You open the door.
There is an open door here.
Found 18 stones.
You see here a ring of see invisible.
You see here 18 stones.
You open the door.
There is an open door here.
A rat comes into view.
Roll where?
Press: ? - help, Dir - move target, f - rat
Aim: a rat You roll forward with a clatter of scales!
You barely miss the rat.
You hear a shout!
The rat barely misses you.
Okay, then.
You hit the rat.
You kill the rat!
Found 15 stones.
A goblin comes into view. It is wielding a +0 dagger.
The goblin shouts!
Roll where?
Press: ? - help, Dir - move target, f - goblin
Aim: a goblin, wielding a +0 dagger You roll forward with a clatter of scales!
You closely miss the goblin. The goblin closely misses you.
The goblin hits you but does no damage.
Unknown command.
Save game and exit?
Welcome back, Decritt the Palentonga Fighter.
Press ? for a list of commands and other information.
Are you sure you want to abandon this character and quit the game? (Confirm with "yes".)

# #. #.# ##. #. #.#
#..##. #.# ...#. #.#
#######+#... #.#
##...=.(.##..## #.#
##.#######.##..# #.#
##.##..≈..##.##g###.#
#.##.#####.##.#.@...#
#.#.##...##.#.'.##.##
#.#.#.###.#.#.#.##.#
#...'.#<#.#.#.#.##.#
#.#.#.#'#.#.#.#.##.#
#.#.##.≈.##.#≈#.##(#
#.##.#####.##.#.##.#
##.##.....##.##.##.#
##.#######.## .##.#


You could see a goblin.

Vanquished Creatures
  A rat (D:1)
1 creature vanquished.

Notes
Turn   | Place    | Note
-------+----------+-------------------------------------------
     0 | D:1      | Decritt the Palentonga Fighter began the quest for the Orb.
     0 | D:1      | Reached XP level 1. HP: 19/19 MP: 1/1
   113 | D:1      | Quit the game

Illustrated notes

Levels and vault maps discovered:
D:1:      evilmike_arrival_rings, layout_loops_ring, nicolae_shop_unique_rings,
          nicolae_figureground_pulse

Action                   || total
-------------------------++-------
Melee: War axe           ||     3
 Abil: Rolling Charge    ||     2
Armor: Scale mail        ||     1
Dodge: Dodged            ||     2

Table legend: (Time is in decaauts)
 A = Elapsed time spent in this place.
 B = Non-inter-level travel time spent in this place.
 C = Inter-level travel time spent in this place.
 D = Time resting spent in this place.
 E = Time spent auto-exploring this place.
 F = Levels seen in this place.
 G = Mean time per level.
                   A        B        C        D        E       F      G
               +--------+--------+--------+--------+--------+-----+--------+
         Total |    114 |    114 |      0 |      0 |     97 |   1 |  114.0 |
       Dungeon |    114 |    114 |      0 |      0 |     97 |   1 |  114.0 |
               +--------+--------+--------+--------+--------+-----+--------+

Top non-repeatable levels by time:
     D:1: 114 daAuts
